 Dungeon Crawl Stone Soup version 0.28-a0-476-g0f06bd746f (webtiles) character file.

Game seed: 1419184232449264765

37 Demosthentine the Poker (level 3, -6/28 HPs)
             Began as a Merfolk Gladiator on Sept 17, 2021.
             Mangled by a gnoll shaman (11 damage)
             ... on level 1 of the Dungeon.
             The game lasted 00:01:35 (1741 turns).

Demosthentine the Poker (Merfolk Gladiator)         Turns: 1741, Time: 00:01:36

Health: -6/28      AC:  4    Str: 15    XL:     3   Next: 41%
Magic:  3/3        EV: 13    Int:  7    God:
Gold:   43         SH:  0    Dex: 15    Spells: 2/2 levels left

rFire   . . .      SeeInvis .   a - +0 trident
rCold   . . .      Faith    .   (no shield)
rNeg    . . .      Spirit   .   b - +0 leather armour
rPois   .          Reflect  .   c - +0 helmet
rElec   .          Harm     .   (no cloak)
rCorr   .          Rampage  .   (no gloves)
Will    .....                   (no boots)
Stlth   +.........              (no amulet)
HPRegen 0.09/turn               (no ring)
MPRegen 0.08/turn               (no ring)

@: lit by a corona, glowing
A: (nimble swimmer 2), mertail
a: no special abilities


You were on level 1 of the Dungeon.
You visited 1 branch of the dungeon, and saw 2 of its levels.

You collected 43 gold pieces.

Inventory:

Hand Weapons
 a - a +0 trident (weapon)
Missiles
 d - 3 throwing nets (quivered)
Armour
 b - a +0 leather armour (worn)
 c - a +0 helmet (worn)
Potions
 g - a potion of attraction


   Skills:
 + Level 2.7 Fighting
 + Level 5.0 Polearms
 - Level 2.0 Throwing
 + Level 0.9 Armour
 + Level 4.5 Dodging


You had 2 spell levels left.
You didn't know any spells.
Your spell library contained the following spells:

 Spells                   Type           Power      Damage    Failure   Level
 Static Discharge         Conj/Air       0%         N/A       65%         2
 Dispel Undead            Necr           0%         3d6       99%         4
 Sticky Flame             Conj/Fire      0%         2d3       99%         4


Dungeon Overview and Level Annotations

Branches:
Dungeon (2/15)

Altars:


Innate Abilities, Weirdness & Mutations

((You are quick and stealthy near water. (Stealth+, EV+, Speed+++)))
Your lower body shifts to a powerful aquatic tail in water.


Message History

No target in view!
No target in view!
You climb downwards.
The bat closely misses you. x2
There is a stone staircase leading up here.
You closely miss the bat. The bat hits you but does no damage.
The gnoll closely misses you.
You reach to attack!
You closely miss the gnoll. The bat hits you.
The gnoll hits you from afar with a +1 vampiric spear.
The bat hits you but does no damage.
The gnoll shouts!
You hit the bat.
You kill the bat!
The gnoll hits you from afar with a +1 vampiric spear.
The gnoll barely misses you. The gnoll shaman barely misses you.
The gnoll hits you from afar with a +0 halberd!
You climb upwards.
There is a stone staircase leading down here.
You are too injured to fight recklessly!
You hit the gnoll shaman.
The gnoll shaman is lightly wounded.
The gnoll shaman closely misses you.
You hit the gnoll shaman but do no damage.
The gnoll shaman is lightly wounded.
The gnoll shaman barely misses you.
You hit the gnoll shaman.
The gnoll shaman is moderately wounded.
The gnoll shaman mumbles some strange prayers to its god against you.
You are outlined in light.
You hit the gnoll shaman.
The gnoll shaman is heavily wounded.
The gnoll shaman hits you with a +0 whip.
* * * LOW HITPOINT WARNING * * *
You hit the gnoll shaman but do no damage.
The gnoll shaman is heavily wounded.
The gnoll shaman hits you with a +0 whip.
* * * LOW HITPOINT WARNING * * *
You barely miss the gnoll shaman.
The gnoll shaman is heavily wounded.
The gnoll shaman hits you with a +0 whip!
You die...

########..##....####.....##..##
##..###.........###..##
##..###.#####.###..##
##...#.#####.#...##
###...........### ##.#.########
#...# ##..# #.@# ##g# #.# #.#
#.# #.# #.###############
#....†..........#
###############.##


You could see a gnoll shaman.

Vanquished Creatures
  A worm (D:2)
  A dart slug (D:1)
  2 ball pythons (D:1)
  3 endoplasms (D:1)
  2 giant cockroaches (D:2)
  A goblin (D:1)
  2 hobgoblins (D:2)
  3 jackals (D:1)
  A quokka (D:1)
  2 bats
  6 frilled lizards (D:1)
  5 kobolds (D:1)
  4 rats (D:1)
33 creatures vanquished.

Notes
Turn   | Place    | Note
-------+----------+-------------------------------------------
     0 | D:1      | Demosthentine the Merfolk Gladiator began the quest for the
                  | Orb.
     0 | D:1      | Reached XP level 1. HP: 16/16 MP: 1/1
   227 | D:1      | Reached XP level 2. HP: 12/23 MP: 2/2
   933 | D:1      | Reached XP level 3. HP: 28/28 MP: 3/3
  1495 | D:2      | Reached skill level 5 in Polearms
  1741 | D:1      | Mangled by a gnoll shaman

Illustrated notes

Levels and vault maps discovered:
D:1:      heliophobic_arrival_dark_side_of_the_moon, layout_basic,
          minmay_misc_feat_hallway
D:2:      layout_basic, supply_closet_lemuel

Skill      XL: |  1  2  3 |
---------------+----------+-----
Polearms       | 5 |  5.0
Fighting       | |  2.7
Throwing       | |  2.0
Armour         | |  0.9
Dodging        | |  4.5

Action                   || total
-------------------------++-------
Melee: Trident           ||   124
  Use: Scroll            ||     2
 Stab: Sleeping          ||     1
Armor: Leather armour    ||    40
Dodge: Dodged            ||    91

Table legend: (Time is in decaauts)
 A = Elapsed time spent in this place.
 B = Non-inter-level travel time spent in this place.
 C = Inter-level travel time spent in this place.
 D = Time resting spent in this place.
 E = Time spent auto-exploring this place.
 F = Levels seen in this place.
 G = Mean time per level.
                   A        B        C        D        E       F      G
               +--------+--------+--------+--------+--------+-----+--------+
         Total |   1751 |   1728 |     23 |    204 |   1241 |   2 |  875.5 |
       Dungeon |   1751 |   1728 |     23 |    204 |   1241 |   2 |  875.5 |
               +--------+--------+--------+--------+--------+-----+--------+

Top non-repeatable levels by time:
     D:1: 1429 daAuts
     D:2: 322 daAuts
